 Dungeon Crawl Stone Soup version 0.30-a0-219-gf2db51d15e (webtiles) character file.

Game seed: 18253652177118770340

11 Zonian the Conjurer (level 2, 0/15 HPs)
             Began as a Vine Stalker Reaver on Oct 7, 2022.
             Slain by an endoplasm (1 damage)
             ... on level 1 of the Dungeon.
             The game lasted 00:01:05 (459 turns).

Zonian the Conjurer (Vine Stalker Reaver)            Turns: 459, Time: 00:01:06

Health: 0/15       AC:  3    Str: 14    XL:     2   Next: 29%
Magic:  0/6        EV: 11    Int: 13    God:
Gold:   0          SH:  0    Dex: 12    Spells: 4/5 levels left

rFire   . . .      SeeInvis .    a - +0 short sword
rCold   . . .      Faith    .    (no shield)
rNeg    . . .      Spirit   +    b - +0 leather armour
rPois   .          Reflect  .    (no helmet)
rElec   .          Harm     .    (no cloak)
rCorr   .          Rampage  .    (no gloves)
Will    .....                    (no boots)
Stlth   +.........               (no amulet)
HPRegen 0.22/turn                (no ring)
MPRegen 0.10/turn                (no ring)

@: no status effects
A: fangs 2, magic shield, antimagic bite, no potion heal 2
a: no special abilities


You were on level 1 of the Dungeon.
You visited 1 branch of the dungeon, and saw 1 of its levels.

Inventory:

Hand Weapons
 a - a +0 short sword (weapon)
Missiles
 f - 2 boomerangs
Armour
 b - a +0 leather armour (worn)
Scrolls
 h - a scroll of torment {unknown}
Potions
 c - a potion of curing {unknown}
 d - a potion of might {unknown}
 g - a potion of flight {unknown}
 i - a potion of berserk rage {unknown}


   Skills:
 - Level 1.7 Fighting
 + Level 2.8 Short Blades
 - Level 1.5 Dodging
 + Level 1.0 Stealth
 + Level 2.4 Spellcasting
 + Level 3.2 Conjurations


You had 4 spell levels left.
You knew the following spells:

 Your Spells              Type           Power      Damage    Failure   Level
a - Kiss of Death         Conj/Necr      20%        2d7       16%         1

Your spell library contained the following spells:

 Spells                   Type           Power      Damage    Failure   Level
 Momentum Strike          Conj/Tloc      10%        3d8       24%         2
 Hailstorm                Conj/Ice       5%         3d4       43%         3


Dungeon Overview and Level Annotations

Branches:
Dungeon (1/15)

Altars:


Innate Abilities, Weirdness & Mutations

You have extremely sharp teeth.
When hurt, damage is shared between your health and your magic reserves.
Your bite disrupts and absorbs the magic of your enemies.
Potions cannot restore your health.


Message History

The bat is severely wounded.
The bat closely misses you. The goblin hits you with a +0 club.
You hit the quokka.
You kill the quokka!
The goblin closely misses you. The bat closely misses you. The bat hits you.
You hit the bat but do no damage. Your bite misses the bat.
The bat barely misses you. The bat hits you.
The bat hits you but does no damage. The goblin closely misses you.
You hit the bat but do no damage. You bite the bat, but do no damage.
The bat hits you but does no damage. x2; The goblin hits you with a +0 club.
The bat hits you but does no damage.
You closely miss the bat. The bat hits you but does no damage.
The goblin hits you but does no damage.
You hit the bat but do no damage. The bat barely misses you. x2
A bat comes into view.
The goblin hits you with a +0 club. The endoplasm freezes you.
You are frozen.
You closely miss the bat. The bat hits you but does no damage.
The bat barely misses you.
You miss the bat. Your bite misses the bat. The bat barely misses you.
The bat hits you but does no damage. x2; The goblin hits you with a +0 club.
The endoplasm freezes you.
You are frozen.
Unknown command.
The air fills with toxic fumes!
As you read the scroll labelled SUS VEEBLO, it crumbles to dust.
It was a scroll of poison.
The bat hits you but does no damage. The bat barely misses you.
The bat hits you but does no damage. The goblin hits you but does no damage.
The endoplasm freezes you.
You are frozen.
* * * LOW HITPOINT WARNING * * *
The bat closely misses you.
You hit the bat.
You kill the bat!
The bat misses you. The goblin hits you with a +0 club.
* * * LOW HITPOINT WARNING * * *
The endoplasm hits you.
You die...

#. ######## >J
##§§§§§.## #.#.#
##§§§§§§..## .
......###§§§§§§§...#
.. .
#.g.#§§§§§§§...# ..
.§....#..§§§§§§§...#
.. .§§§#
###§§§§§§§.|.# ..
.§§§§§###g§§§§§§...#
# # #§bb@J§§§§§§..##
#
.§§§§§###†§§§§§§...#
# ##### #§§§§§§§...#
# #§§§§§§§...# #
#§§§§§§§†..# #
#§§§§§§§...# #
##§§§§§§..## # ###
##§§§§§.## # ..#
##.#####


You could see an endoplasm, a goblin and 2 bats.

Vanquished Creatures
  A dart slug (D:1)
  A ball python (D:1)
  An endoplasm (D:1)
  A quokka (D:1)
  3 bats (D:1)
  4 rats (D:1)
11 creatures vanquished.

Notes
Turn   | Place    | Note
-------+----------+-------------------------------------------
     0 | D:1      | Zonian the Vine Stalker Reaver began the quest for the Orb.
     0 | D:1      | Reached XP level 1. HP: 11/11 MP: 4/4
   291 | D:1      | Reached XP level 2. HP: 8/15 MP: 0/6
   297 | D:1      | Reached skill level 1 in Stealth
   459 | D:1      | Slain by an endoplasm

Illustrated notes

Levels and vault maps discovered:
D:1:      scummos_arrival_star, layout_rooms, st_stairs_2

Skill      XL: |  1  2 |
---------------+-------+-----
Stealth        | 1 |  1.0
Fighting       | |  1.7
Short Blades   | |  2.8
Dodging        | |  1.5
Spellcasting   | |  2.4
Conjurations   | |  3.2

Action                   || total
-------------------------++-------
Melee: Short sword       ||    54
       Bite              ||    10
  Use: Scroll            ||     1
Armor: Leather armour    ||    30
Dodge: Dodged            ||    42

Table legend: (Time is in decaauts)
 A = Elapsed time spent in this place.
 B = Non-inter-level travel time spent in this place.
 C = Inter-level travel time spent in this place.
 D = Time resting spent in this place.
 E = Time spent auto-exploring this place.
 F = Levels seen in this place.
 G = Mean time per level.
                   A        B        C        D        E       F      G
               +--------+--------+--------+--------+--------+-----+--------+
         Total |    451 |    451 |      0 |    244 |     87 |   1 |  451.0 |
       Dungeon |    451 |    451 |      0 |    244 |     87 |   1 |  451.0 |
               +--------+--------+--------+--------+--------+-----+--------+

Top non-repeatable levels by time:
     D:1: 451 daAuts
